[Event "EU-ch 12th"]
[Site "Aix les Bains"]
[Date "2011.03.30"]
[Round "8"]
[White "Stern, Rene"]
[Black "Bartel, Mateusz"]
[Result "0-1"]
[ECO "A80"]
[WhiteElo "2497"]
[BlackElo "2638"]
[Annotator "Marchand,A/Primel,D"]
[PlyCount "104"]
[EventDate "2011.03.22"]
[EventType "swiss"]
[EventRounds "11"]
[EventCountry "FRA"]
[SourceTitle "CBM 142 Extra"]
[Source "ChessBase"]
[SourceDate "2011.06.27"]
[SourceVersion "1"]
[SourceVersionDate "2011.06.27"]
[SourceQuality "1"]
[TimeControl "40/5400+30:1800+30"]

1. d4 f5 2. Nc3 (2. Bg5 h6 3. Bf4 Nf6 4. Nc3 d6 (4... d5 5. h4
e6 6. Nf3 Bd6 7. Ne5 O-O 8. e3 a6 9. Qf3 c5 $13)) 2... d5 {[%csl Ge4] Le coup
le plus naturel face à la menace des Blancs de jouer "e4"} (2... g6 3. e4 fxe4
4. Nxe4 Bg7 5. Bg5 (5. h4 $5)) 3. Bf4 (3. e4 $5 dxe4 4. Bf4 (4.
Bc4) (4. f3) 4... Nf6 5. Bc4 $13 (5. f3) 5... e6 6. f3 Bd6) 3... a6 (3... Nf6
4. e3 e6 (4... c6) 5. Nf3 (5. Nb5 $5 Na6 (5... Bd6 6. c4 $1 {Suetin}) 6. c4 c6
(6... Bb4+ 7. Nc3 O-O 8. Nf3 Ne4 9. Qb3 $14) 7. Nc3 Nb8 8. Nf3 (8. Qc2 Be7 9.
Nf3 Ne4 10. Bd3) 8... Be7 {Retombe sur des grandes lignes par interverson de
coups}) 5... c6 (5... a6) 6. Bd3 Be7 7. h3 O-O 8. O-O Ne4 9. Ne2 $1 {Si un
expert de la défense hollandaise comme Malaniuk joue ce système avec les
Blancs, il faut s'y intéresser} Nd7 10. c4 $14 {Malaniuk,V (2543)-Pechenkin,V 
(2345) Canadian op Toronto 2010 (7) 1-0}) (3... e6 4. e3) 4. e3 Nf6 5. Bd3 e6
6. Nce2 (6. Nf3 {La grande ligne} c5 7. dxc5 Bxc5 8. O-O $14 O-O 9. Ne2 Nc6 10.
c4) 6... c5 7. c3 (7. dxc5 Bxc5 8. Nf3 Nc6 9. O-O Qe7 10. Ned4 O-O 11. c4 Bd7
12. Rc1 Bxd4 13. exd4 Nb4 14. Be2 Nxa2 15. Ra1 Nb4 16. c5 Ne4 17. Ne5 Bb5 18.
f3 Bxe2 19. Qxe2 Nf6 20. Nd3 Nxd3 21. Bd6 Nf4 {Malakhatko,V (2548)-Rotstein,A 
(2529)/Latschach 2011/CBM 143 Extra/1-0 (50)}) 7... c4 $146 (7... Nc6 8. Nf3
Be7 {Klaric,Z (2395)-Spraggett,K (2495) FRA-chT France 1991 0-1}) 8. Bc2 Nc6 9.
h3 h6 10. Nf3 g5 $5 11. Bh2 Bd6 12. Bxd6 Qxd6 13. h4 (13. O-O Bd7 ) 13... Rg8 $1 14. b4 Bd7 15. a4 Ke7 $132 16. Ng3 Raf8 17. hxg5 hxg5 18.
b5 axb5 19. axb5 Nd8 20. Ra7 Ng4 21. Rh7+ Rf7 22. Rxf7+ Kxf7 23. Ke2 Qb8 24.
Ra1 (24. b6 Nc6 25. Ra1) 24... Ke7 25. b6 (25. Qb1 Nf7 26. Qb4+) 25... Nf7 (25... Nxe3 ) 26. Ra7 Nxe3 $1 27. Kxe3
f4+ 28. Ke2 fxg3 29. Qc1 gxf2 30. Kxf2 Bc8 (30... Bc6 $15) 31. Qe3 Qd6 32. Ra1
Qxb6 33. Rh1 (33. Rb1) 33... Qb2 $40 34. Qd2 g4 35. Ne5 Nxe5 36. Rh7+ Kd8 37.
dxe5 g3+ 38. Ke2 b5 39. Kd1 Qa1+ 40. Ke2 Qg1 41. Qf4 Qxg2+ 42. Ke1 Qf2+ 43.
Qxf2 gxf2+ 44. Kxf2 Rg5 45. Ke3 Rxe5+ 46. Kd4 Re2 47. Bg6 Rg2 48. Bh5 Rg5 49.
Kc5 d4+ 50. Kxd4 Rd5+ 51. Ke4 b4 52. cxb4 c3 0-1

[Event "Candidates Tournament"]
[Site "Khanty-Mansiysk"]
[Date "2014.03.25"]
[Round "10"]
[White "Kramnik, Vladimir"]
[Black "Svidler, Peter"]
[Result "0-1"]
[ECO "A80"]
[WhiteElo "2787"]
[BlackElo "2758"]
[Annotator "Marin,M"]
[PlyCount "78"]
[EventDate "2014.03.13"]
[EventType "tourn"]
[EventRounds "14"]
[EventCountry "RUS"]
[EventCategory "21"]
[SourceTitle "CBM 160"]
[Source "ChessBase"]
[SourceDate "2014.05.15"]
[SourceVersion "1"]
[SourceVersionDate "2014.05.15"]
[SourceQuality "1"]
[TimeControl "40/7200:20/3600:900+30"]
[WhiteClock "0:59:26"]
[BlackClock "0:56:56"]

1. d4 f5 2. Nf3 ({Kramnik's
treatment of the fight for the centre strongly reminds me of the following
variation:} 2. g3 Nf6 3. Bg2 g6 4. Nh3 d6 5. Nc3 Bg7 6. Nf4 c6 7. d5 {White
sustains his d5-pawn with pieces, not wasting time for the strategically
constructive c2-c4. This is how Korchnoi played on three occasions, winning
each time! The best known game was Kortschnoj,V (2625)-Gurevich,M (2645)
Rotterdam 1990 CBM 018 [Schussler] (1-0, 45)}) 2... Nf6 3. e3
$5 {[%emt 0:00:38] For decades, White has almost invariably met the Dutch
Defence with g2-g3, but Black seems to be doing fine in the main lines of the
Leningrad system lately. Little wonder that at the top level White is trying
stepping aside, relying on his theoretical advantage of the first move in a
non-symmetrical position, rather than on long forced variations.} ({The Wijk
aan Zee winner had a similar approach in the last round of the tournament:} 3.
Bf4 $5 {Aronian,L (2812)-Van Wely,L (2672) Wijk aan Zee 2014 CBM 159 [Stohl,I]
(0-1, 38)}) 3... b6 {[%emt 0:11:02] We can only guess which system Sivdler
planned to choose against g2-g3, but in the absence of White's pressure along
the long diagonal, a logical answer. This position reminds me of a small
incident from my childhood. I was away from home for a few weeks when my
father called to tell me he had bought a book on the Dutch Defence. I had no
idea at all of the possible plans and ideas, but being caught by sudden
enthusiasm I started "analysing" on my own the position after 1.d4 f5. I
remember quite clearly that the current position became my main "tabyia" soon.
Later, I was disappointed to learn that g2-g3 outrules my setup and switcehd
to the 7...c6 Leningrad variation, which is the most critical nowadays, by the
way. Anyway, the thing I wanted to highlight is that there must be some
logical background to both sides' play, which made my then uninstructed mind
take this direction.} ({Actually, a more restrictive way of transposing to the
...b7-b6 setup is} 3... e6 4. Bd3 b6 5. O-O Bb7 6. c4 Bd6 $5 {Truly
hypermodern, reminiscent of the game Lasker-Bauer with reversed colours. Of
course, nobody would allow the double bishop sacrifice nowadays, but the
bishops' pressure may be disturbing anyway.} {In Alekhine's times,} 7. Nc3 {
was the fashion.} ({The modern tendency (if we can call it as such in a rather
unpopular line) is} 7. Nbd2 O-O 8. Re1 (8. Qc2 Nc6 9. a3 a5 10. h3 a4 {
Hertneck,G (2560)-Jussupow,A (2640) Baden-Baden 1992 CBM 033 [Jussupow] (0-1,
24)}) 8... Ne4 9. Qc2 Nxd2 10. Nxd2 Qh4 11. g3 Qh5 12. Be2 Qg6 13. f4 c5 14.
Nf3 Nc6 $13 {Aleksandrov,A (2614)-Peralta,F (2546) Warsaw 2007 (1-0, 34)}) 7...
O-O 8. a3 ({Blocking the long diagonal with} 8. d5 {does not seem effective at
this stage of the game.} Na6 9. e4 fxe4 10. Nxe4 Nc5 11. Nxc5 Bxc5 12. dxe6
dxe6 13. Qe2 e5 $36 {Candeias,T (2078)-Wohl,A (2419) Pontevedra 2002 (0-1, 30)}
) (8. Qe2 Bb4 9. Bd2 Ne4 10. a3 Bd6 $6 11. b4 Rf6 12. Ne5 $6 Bxe5 13. dxe5 Rg6
14. f3 $2 Nxd2 15. Qxd2 Nc6 $17 {Ekenberg,B-Alekhine,A Oerebro 1935 (0-1, 23)})
8... a6 $6 (8... a5 9. Nb5 Be7 10. b3 Na6 11. Bb2 Qe8 $132) 9. b4 Qe8 10. c5
Be7 11. Bc4 $14 {Nimzowitsch,A-Alekhine,A Hamburg 1910 (1/2-1/2, 30)}) 4. d5 $5
$146 {[%emt 0:06:29] An original way of changing the fluent course of the game
and a novelty as early as on move 4!!} Bb7 5. Bc4 {[%emt 0:01:
49] This is the moment when White's approach starts ressembling Korchnoi's in
the aforementioned games.} ({Played before castling,} 5. c4 {offers Black easy
development:} e6 6. dxe6 (6. Nc3 Bb4 ) ({Actually, just few moves
after the novelty, play could have transposed to some lines starting with 3...
e6, for instance} 6. Bd3 g6 7. Nc3 Bg7 {1/2-1/2 (7) Loncar,R (2455)-Lovric,B 
(2340) Tucepi 1996}) 6... Bb4+ $1 7. Bd2 Bxd2+ 8. Qxd2 dxe6 (8... O-O $5 9.
exd7 Ne4 10. Qc2 Nxd7 $44) 9. Qxd8+ Kxd8 10. Nc3 Nbd7 11. Be2 Ke7 {After the
exchange of the dark-squared bishops the king finds a safe place in the centre,
defending Black's only important weakness, the e6-pawn.}) 5... c6 6. Nc3 cxd5 7. Nxd5 e6 8. Nxf6+ Qxf6 9. O-O {
[%emt 0:00:34] A very unusual position. White has given away his ambitions for
a pawn centre, aiming for free piece development. The f5-pawn ensures Black
some space advantage, but in the long run may also prove a weakness.} Bc5 {
[%emt 0:08:59] The bishop has little scope and will also be exposed here.} ({
But the attempt for a more natural development to g7 after} 9... g6 {could be
met with} 10. Bd2 $5 {When Black practically has to pick up the gauntlet with}
Qxb2 11. Nd4 Qa3 {, hoping that he will survive the opening phase.}) 10. Bd2 Nc6 {[%emt 0:10:19] Not having weakened the long diagonal,
Black is not forced to take the pawn.} (10... Qxb2 11. Nd4 Qa3 (11... Bxd4 12.
Rb1 Qa3 13. Bb4 Qa4 14. Qxd4 $16) (11... O-O 12. a3 Bxd4 13. Ra2 $14) 12. Nb5
Qa4 13. Qh5+ g6 14. Qh4 $44) 11. Bc3 Qe7 12.
a3 a5 13. Qe2 O-O 14. Rad1 d5 {[%emt 0:08:16][%csl Re5] The central
structure is reminiscent (with reversed colours) of the game Svidler-Gelfand
from the previous Candidates. Svidler met the Grünfeld with an unusual setup
based on d4-e3-f4.} ({Black could not refrain from ...d7-d5 for too long:} 
14... Rac8 15. Bb5 d6 16. Qd2 ) 15. Bb5 Na7 16. a4 {[%emt 0:04:00] Quite a courageous
move.} (16. Ba6 {looks somewhat safer:} Nc6 17. Bxb7 Qxb7 18. Bd4 {[%cal Ge2b5,
Gc2c4] with similar ideas to what happened in the game.}) 16... Bd6 {[%emt 0:
13:26] A bit passive.} (16... Nxb5 $5 17. axb5 Bd6 {[%cal Ge6e5] would have
allowed Black fighting for the initiative. Actually, the b7-bishop is far from
being passive. It inhibits the pawn break c2-c4 and defends the d5-pawn in
view of the desirable central expansion with ...e6-e5.} 18. Ne5 (18. Be5 Qc7
19. Bxd6 Qxd6 20. Rd2 Rac8 21. Rfd1 Rc5 ) 18... Rac8 19. f4
(19. Bd4 Qc7 ) 19... Rxc3 $1 {The critical move,
preventing White's consolidating with Bd4+/=.} 20. bxc3 Rc8 21. Qd3 Qc7 $44)
17. Ba6 $1 Nc6 18. Bxb7 Qxb7 19. b3 {[%emt 0:00:56][%cal Gc3b2,Gc2c4] The absence of the
black queen's bishop makes itself felt. White's play is more pleasant already,
since the centre is rather more vulnerable than threatening. After the
inevitable c2-c4, the black kingside will become vulnerable.} Qa6 20. Qd2 Rac8 21. Ng5 $6 {[%emt 0:05:34]
This knight incursion will eventually turn to White's favour, but in principle
it looks more like a waste of time.} (21. Ba1 {[%cal Gc2c4,Gd2b2] For concrete
reasons (c2-c4 and Qd2-b2) more promising than the retreat to b2)} Bb4 22. c3
Be7 23. c4 Rfd8 24. cxd5 Rxd5 25. Qb2 Bf6 26. Qb1 $14) 21... Rce8 $6 ({There was nothing to be defended on the f-file, so a more natural
rook display would have been} 21... Rfe8 {Maybe Black feared} 22. e4 fxe4 23.
Nxe4 {With the rook on f8, this would lose material to ...Bf4, but even the
way it is} Bf8 {[%cal Ga6b7,Gb7f7] leads to normal play for Black.}) 22. Bb2 h6 23. Nf3 Bb4 24. c3 Be7 25. c4 $1 dxc4 ({In the absence of a rook on c8,} 25... Rd8 $2 26. cxd5
Rxd5 $2 {loses to} 27. Qc3 ) 26. Rc1 b5 27. axb5 Qxb5 28. Rxc4 $14 Nb4 29. Ne5 {[%emt 0:03:20] The knight
will be left rather hanging in the centre, so maybe White should have kept
this move in reserve.} (29. Qe2 $5 $14 ) (29. Bd4 $14 ) 29... Nd5 30. Qc2 Bd6 $6 (30... Nb4 $1 ) 31. Nc6 $14 Nb6 32. Rd4 $4 {[%emt 0:01:40] An unusual blunder at this level (and even
at lower one!)} (32. Nd4 Qe5 33. Nf3 Qb5 34. Rc3 a4 $14 {Black liquidates the
queenside pawns, retaining a symbolically worse, but defensible position.})
32... Bxh2+ $1 33. Kxh2 Qxf1 34. Qc3 Rf6 35. Ne5 $2 Qxf2 36. Rf4 Qe2 37. Qd4 Nd5 38. Rf3 Rc8 39. Rg3 f4 0-1

[Event "Rohde op 12th"]
[Site "Sautron"]
[Date "2012.10.29"]
[Round "3"]
[White "Colin, Vincent"]
[Black "Koziak, Vitali"]
[Result "1/2-1/2"]
[ECO "A80"]
[WhiteElo "2407"]
[BlackElo "2503"]
[Annotator "Primel,D"]
[PlyCount "82"]
[EventDate "2012.10.27"]
[EventType "swiss"]
[EventRounds "9"]
[EventCountry "FRA"]
[SourceTitle "EXT 2014"]
[Source "ChessBase"]
[SourceDate "2013.11.20"]
[SourceVersion "1"]
[SourceVersionDate "2013.11.20"]
[SourceQuality "1"]
[TimeControl "40/5400+30:1800+30"]
[WhiteClock "1:30:00"]
[BlackClock "1:30:00"]

1. d4 f5 (1... g6 2. c4 f5 3. h4 Bg7 4. h5 c5
5. d5 Qa5+ 6. Bd2 Qb6 7. Nc3 Qxb2 8. Rh3 $44 ) 2. Bg5
$5 g6 (2... h6 3. Bh4 g5 4. e3 {[%cal Gd1h5];
Rusev,K (2549)-Capitaine,A (2108) 12th Sautron Open 2012 (1.9) 1-0} (4. Bg3 Nf6
(4... f4 $6 5. e3 h5 6. Bd3 Bg7 7. exf4 h4 8. fxg5 hxg3 9. Bg6+ Kf8 10. Qf3+
$40)) (4. e4 Nf6 5. e5)) (2... c6 $5 3. e3 Qb6 4. Nd2
$5 (4. b3) 4... Qxb2 5. Rb1 $44 {Seirawan,Y (2605)-Dolmatov,S (2610) YUG-chT
Cetinje 1992 1/2} (5. Bd3 {[%cal Gd3f5] Gagnant un tempo important} d5 6. Ngf3
$44 g6)) 3. Nc3 Bg7 4. h4 $1 (4. e4 {L'alternative}) 4... h6 (4... Nf6 $6 5. h5 $1 O-O (
5... Nxh5 6. Rxh5 $40) 6. hxg6 hxg6 7. e4 d6 8. e5 Nh7 9. Bc4+ Kh8 10. Qd3 f4
11. Qxg6 {1-0 Colin,V (2391)-Daniel,J (1888)/Gorges 2012/Mega2012 Update 33}) (
4... d5) 5. Bf4 Nc6 $5 $146 {[%emt 0:12:36] Une nouveauté
intéressante probablement trouvée devant l'échiquier car l'ukrainien a dépensé
près d'un 1/4 d'heure sur cette position.} (5... Nf6 6. e3 d6 7. Qf3 Nh5 8.
O-O-O c6 9. Bc4 Qa5 10. Bh2 Na6 11. Nge2 Bd7 12. g4 Nf6 13. gxf5 Bxf5 14. Qg2
Nb4 15. Bb3 d5 16. a3 Na6 17. f3 h5 18. Kb1 Nd7 19. Ng3 Bf6 20. Nxf5 gxf5 {
Bauer,C (2679)-Haub,T (2474)/Cappelle la Grande 2012/Mega2012 Update 11/1-0})
6. d5 e5 (6... Ne5 $142 {Plus solide} 7. e3 (
7. e4 fxe4 8. Nxe4 Nf7 9. Nf3 Bxb2 10. Rb1 Bg7 11. Qd3 $44 )) 7. Bh2 Nb8 8. d6 $1 Qxh4 {[%emt 0:03:40] Risqué} (8... Nc6 9. Nb5 cxd6 10. Nxd6+ $36) 9. e4 f4 $6 {[%emt 0:07:59][%csl Rh2] Enferme le Bh2 " а la
Capalanca" mais c'est au détriment d'une perte de temps importante et après
Nd5, Vincent obtient une forte attaque.} 10. Nd5 $40 cxd6 11. Nc7+ Kd8 12.
Nxa8 {[%emt 0:00:36] Le Na8 est probablement condamné mais il n'est pas facile
d'aller le chercher et les Blancs auront une avance de développement face а un
K Noir bloqué au centre.} Qe7 13. Qd2 $6 {[%emt 0:04:04] Un
coup naturel mais probablement trop lent.} (13. a4 $142 $1 {Plus rapide} b6 (
13... Nf6 14. Bd3 b6 15. a5) 14. a5 Bb7 (14... b5 15. a6 Nc6 16.
Bxb5 $18) 15. axb6 Bxa8 16. bxa7 Nc6 17. Nf3 (17. c3 Nf6 18. Qa4 Kc7 19. b4 $1
Rc8 20. b5) 17... Nf6) 13... b6 14. a4 Bb7 15. a5 b5 $1 16.
Nb6 $1 (16. Bxb5 $2 Bxe4 $13 ) 16... axb6 17. axb6 {[%emt 0:00:51] Joué trop vite alors que Bb5 méritait
d'être analysé} (17. Bxb5 Nf6 18. a6 Ba8 (18... Bxe4 19. a7) (18... Nxe4 19.
Qb4) 19. f3) 17... Nf6 $1 18. f3 (18. Ra7 $5
Bc6 (18... Nxe4 $4 19. Rxb7 ) 19. Qa5 Nxe4 20. Nf3 (20. Bxb5 $2 Qg5
) 20... d5 (20... Rf8 21. Ra8) (20... Ke8 21. Bxb5 Nc5 22. O-O
Kf7) 21. Bd3 (21. Bxb5 Qc5 22. Bxc6 Qxf2+ 23. Kd1 Qxg2 $13
{Une position incroyablement compliquée!}) 21... Qc5 22. O-O Ke7 $132 ) 18... d5 $1 $13 {[%emt 0:04:44][%csl Rg1,Rh1,Rh2] Non
seulement les Blancs n'ont rien obtenu mais le développement de l'aile-roi
pose maintenant problème} 19. Ra7 d6 (19...
Bc6 $142 20. Qa5 Qc5 $132 ) 20. Bxb5 dxe4 21. Ne2 (21. c4 $5 exf3 22. Nxf3 Ne4 23. Qa5
Kc8 (23... d5 24. cxd5 (24. O-O Qc5+) 24... Qc5 $2 25. Rxb7 $1 Qf2+ 26. Kd1)
24. O-O g5 25. c5 (25. Kh1 g4) 25... Nxc5
26. Rd1 (26. Rc1 e4) 26... e4 27. Nd4 Bxd4+ 28. Rxd4 Qe5 (28... e3)) 21... exf3
$1 $13 22. gxf3 g5 23. Bg1 $6 {[%emt 0:03:23] Trop lent mais il est naturel
de vouloir recycler le mauvais B, au surplus jouer ce coup après seulement 03
minutes de réflexion omntre que les Blancs n'ont pas analysé le oo qui
mobiliait les dernières forces.} (23. O-O $1 g4 (23... d5 24. c4 Rf8 25. Rc1 (25. cxd5 Qc5+)) 24. Nxf4 $1 {Sans surprise l'avance de
développement permet la combinaison} exf4 25. Re1 Qf7 (25... Qf8 26. Rxb7) 26.
Qxd6+) 23... Bf8 24. c4 Kc8 25. b4 $2 (25. Nc3 ) 25...
e4 26. c5 e3 $1 {[%emt 0:00:34][%csl Rg1]
Enfermant а nouveau le B!} 27. Qb2 (27. Qc3 )
27... dxc5 28. bxc5 Qxc5 $132 29. Qxf6 Qxb5 30. Nc3 Nd7 (30... Qb2 31. Qxh8 Qd2+ 32. Kf1 Qc1+ 33. Ke2 Qd2+) 31. Qxf8+ Rxf8 32. Nxb5 Rf6 {[%emt 0:
00:12] Les Noirs sont maintenant presque mieux car les Blancs n'ont toujours
pas résolu le problème du développement de l'aile-roi} 33. Nd4 Rxb6 $15 34. Ra1 Ne5 35. Rh2 Nxf3+ 36. Nxf3 Bxf3 37. Rc2+ Kd7 38. Rca2 Rb3 39. Ra3 Rb2 40. R3a2 Rb3 41. Ra3 Rb2 1/2-1/2